 Dungeon Crawl Stone Soup version 0.25-a0-310-g60f0ac2d9a (webtiles) character file.

Game seed: 7374066929619527315, levelgen mode: deterministic

7 Gargoyl the Skirmisher (level 1, 0/19 HPs)
             Began as a Centaur Abyssal Knight on Dec 24, 2019.
             Was a Follower of Lugonu.
             Succumbed to a kobold's poison
             ... on level 1 of the Dungeon.
             The game lasted 00:01:28 (156 turns).

Gargoyl the Skirmisher (Centaur Abyssal Knight)      Turns: 156, Time: 00:01:28

Health: 0/19       AC:  4    Str: 14    XL:     1   Next: 91%
Magic:  2/2        EV:  9    Int: 11    God:    Lugonu [*.....]
Gold:   0          SH:  0    Dex:  8    Spells: 0/0 levels left

rFire    . . .     SeeInvis .   f - +2 great mace (drain)
rCold    . . .     Gourm    .   (shield currently unavailable)
rNeg     . . .     Faith    .   b - +0 leather armour
rPois    .         Spirit   .   (no helmet)
rElec    .         Reflect  .   (no cloak)
rCorr    .         Harm     .   (no gloves)
MR       .....                  (no barding)
Stlth    ..........             (no amulet)
HPRegen  0.06/turn              (no ring)
MPRegen  0.08/turn              (no ring)

@: lethally poisoned (0 -> -20), very quick
A: large, hooves 3, deformed body, speed 2, tough skin 3
a: Depart the Abyss, Renounce Religion


You were on level 1 of the Dungeon.
You worshipped Lugonu.
Lugonu was aware of your devotion.
You were not hungry.

You visited 1 branch of the dungeon, and saw 1 of its levels.
You visited the Abyss 1 time.

Inventory:

Hand Weapons
 a - a +1 hand axe
 f - a +2 great mace of draining (weapon)
Armour
 b - a +0 leather armour (worn)
Scrolls
 d - a scroll of teleportation
Comestibles
 c - a ration


   Skills:
 + Level 3.1 Fighting
 + Level 1.7 Axes
 * Level 1.4 Armour
 * Level 1.0 Dodging
 * Level 2.1 Invocations


You couldn't memorise any spells.
You didn't know any spells.
Your spell library was empty.

Dungeon Overview and Level Annotations

Branches:
Dungeon (1/15)

Altars:


Innate Abilities, Weirdness & Mutations

You have hooves in place of feet.
Armour fits poorly on your strangely shaped body.
You cover ground very quickly.
You have extremely tough skin. (AC +3)


Message History

You are more poisoned.
The kobold closely misses you.
A leopard gecko comes into view.
The leopard gecko hisses angrily.
You hit the kobold. You drain the kobold.
You kill the kobold!
Lugonu accepts your kill.
* * * LOW HITPOINT WARNING * * *
You feel very sick. The hobgoblin barely misses you.
You aren't carrying any potions.
* * * LOW HITPOINT WARNING * * *
You feel sick.
Things that are here:
a +2 dagger of venom; a stone Unknown command.
You thump the hobgoblin!
You kill the hobgoblin!
Lugonu accepts your kill.
You die...

.. ... ...#.. !.
...#. .#.. .. .
..#.. ..#..#. .
..#...
...#.#.#.#.#... ..
..#.#.#.#.. #... .
#.#...#.##.....
....#.....#.......
#.^.<.†@#
....#....)#.......
.. #.#..s#.##.....
..#.#.#.#.. #...
...#.#.#.#.#... ..
..#..#. . ..#...
.#.. .. . ..#..
...#.. .. ...#.


You could see a giant cockroach.

Vanquished Creatures
  2 goblins (D:1)
  2 hobgoblins (D:1)
  A kobold (D:1)
  A bat (D:1)
6 creatures vanquished.

Notes
Turn   | Place    | Note
-------+----------+-------------------------------------------
     0 | Abyss:1  | Gargoyl the Centaur Abyssal Knight began the quest for the
                  | Orb.
     0 | Abyss:1  | Reached XP level 1. HP: 19/19 MP: 2/2
    32 | Abyss:1  | Noticed a small abomination
   102 | Abyss:1  | Noticed a large abomination
   105 | Abyss:1  | Noticed a large abomination
   111 | Abyss:2  | Found a corrupted altar of Lugonu.
   127 | Abyss:3  | Noticed a wretched star
   127 | Abyss:3  | Noticed a killer bee
   128 | D:1      | Escaped the Abyss
   138 | D:1      | Reached skill level 1 in Dodging
   141 | D:1      | Reached * piety under Lugonu
   156 | D:1      | Succumbed to a kobold's poison

Levels and vault maps discovered:
D:1:      minmay_arrival_radiant_lines, layout_basic

Skill      XL: |  1 |
---------------+----+-----
Dodging        | 1 |  1.0
Fighting       | |  3.1
Axes           | |  1.7
Armour         | |  1.4
Invocations    | |  2.1

Action                   || total
-------------------------++-------
Melee: Great mace        ||    13
       Kick              ||     2
Invok: Depart the Abyss  ||     1
  Use: Scroll            ||     3
       Potion            ||     1
Armor: Leather armour    ||     7
Dodge: Dodged            ||    10

Table legend:
 A = Non-vault XP
 B = Vault XP
 C = Vault XP percentage of total XP
 D = Non-vault monster count
 E = Vault monster count
 F = Vault count percentage of total count
                 A         B        C        D         E       F
            +---------+---------+-------+---------+---------+-------
      Total |      11 |       0 |   0.0 |       6 |       0 |   0.0
            +---------+---------+-------+---------+---------+-------
        D:1 |      11 |       0 |   0.0 |       6 |       0 |   0.0
            +---------+---------+-------+---------+---------+-------
